 Dungeon Crawl Stone Soup version 0.32-a0-859-gb0a091d592 (webtiles) character file.

Game seed: 1938560533008824942

299 DaftaChap the Poker (level 6, -2/48 HPs)
             Began as a Demonspawn Gladiator on Mar 27, 2024.
             Slain by Dowan
             ... wielding a +0 dagger
              (5 damage)
             ... on level 4 of the Dungeon.
             The game lasted 00:04:34 (2074 turns).

DaftaChap the Poker (Demonspawn Gladiator)          Turns: 2074, Time: 00:04:34

Health: -2/48      AC:  9    Str: 15    XL:     6   Next: 13%
Magic:  6/6        EV:  6    Int:  6    God:
Gold:   157        SH:  0    Dex: 14    Spells: 5/5 levels left

rFire   . . .        a - +0 trident
rCold   + . .        (no shield)
rNeg    . . .        b - +0 chain mail {rC+}
rPois   .            (helmet restricted)
rElec   .            (no cloak)
rCorr   .            (no gloves)
SInv    .            (no boots)
Will    .....        h - amulet of magic regeneration Stlth
                     (no ring)
HPRegen 0.28/turn    (no ring)
MPRegen 0.50/turn

%: no passive effects
@: no status effects
A: horns 2, foul stench 1, sharp scales 1, dopey 1, robust 1, weak 1
a: no special abilities


You were on level 4 of the Dungeon.
You visited 1 branch of the dungeon, and saw 4 of its levels.

You collected 157 gold pieces.

Inventory:

Hand Weapons
 a - a +0 trident (weapon)
 g - a +1 dagger of venom
Missiles
 d - 3 throwing nets (quivered)
 e - a javelin
Armour
 b - a +0 chain mail of cold resistance (worn)
 c - a +0 helmet
 j - a +0 ring mail
Jewellery
 f - a ring of fire
 h - an amulet of magic regeneration (around neck)
Scrolls
 k - a scroll of vulnerability {unknown}
 l - 2 scrolls of teleportation {unknown}
 m - a scroll of amnesia {unknown}
 n - 2 scrolls of blinking {unknown}
 r - a scroll of immolation {unknown}
 t - 4 scrolls of identify {unknown}
Potions
 i - 2 potions of heal wounds {unknown}
 o - 2 potions of mutation
 p - a potion of enlightenment {unknown}
 q - a potion of berserk rage {unknown}
 s - a potion of invisibility {unknown}


   Skills:
 - Level 2.0 Fighting
 + Level 6.3 Polearms
 - Level 1.7 Throwing
 - Level 2.6 Dodging


You had 5 spell levels left.
You didn't know any spells.
Your spell library was empty.

Dungeon Overview and Level Annotations

Branches:
Dungeon (4/15)
 Temple: D:4-7

Altars:

Annotations:
D:4 Dowan


Innate Abilities, Weirdness & Mutations

You have a pair of horns on your head.
You may rarely emit foul miasma when damaged in melee.
You are partially covered in razor-sharp scales. (AC +1, Slay +1)
You are dopey. (Int -2)
You are robust. (+10% HP)
You are weak. (Str -2)


Message History

You hit Duvessa.
Duvessa is almost dead.
Duvessa is no longer moving slowly.
You hit Duvessa but do no damage.
Duvessa is almost dead.
Duvessa is engulfed in dark miasma.
Duvessa looks as sick as possible!
Duvessa seems to slow down.
You kill Duvessa!
Dowan seems overcome with grief.
Dowan seems to find hidden reserves of power!
A black bear comes into view.
Dowan casts a spell at you. The shard of ice hits you! You partially resist.
* * * LOW HITPOINT WARNING * * *
Your Polearms skill increases to level 6!
You have reached level 6!
Your demonic ancestry asserts itself...
A pair of horns grows on your head!
Your +0 helmet falls away!
Reach: a) +0 trident
Press: ? - help, Dir - move target, f - Dowan
Aim: Dowan, wielding a +0 dagger and wearing a +0 robe (fast, about 47% to evade your +0 trident)
You reach to attack!
You closely miss Dowan.
The black bear growls angrily.
You hear a shout!
Dowan points at you and mumbles some strange words.
The shard of ice hits you! You partially resist.
* * * LOW HITPOINT WARNING * * *
An orc comes into view. It is wielding a +0 short sword.
An orc wizard comes into view. It is wielding a +0 dagger.
It was a potion of mutation.
You feel extremely strange.
You feel weaker.
You feel stupid.
You feel robust. The horns on your head grow some more.
The orc wizard mumbles some strange words.
The orc wizard flickers and vanishes!
Deactivating autopickup; reactivate with Ctrl-A.
Dowan barely misses you.
Okay, then.
Sorry, you're not good enough to have a special ability.
You hit Dowan but do no damage. Dowan hits you with a +0 dagger.
You die...

#.# #.# . #.# ..
#.# ..J #.# e...
#.# ..... #.#
......##########.#
.....{.h.ooe@....#
####...#########.#
#.## #.# .. #.# ##
#.# #.# #.# #.#


You could see a black bear, Dowan (fast) and 2 orcs.

Vanquished Creatures
  Duvessa (D:4)
  A hound (D:2)
  A bombardier beetle (D:3)
  An orc wizard (D:3)
  A gnoll (D:1)
  An adder (D:3)
  A ribbon worm (D:3)
  4 dart slugs
  6 orcs
  6 bats
  5 endoplasms
  4 giant cockroaches
  7 goblins
  5 hobgoblins
  4 jackals (D:1)
  6 kobolds
  2 quokkas
  10 ball pythons
  5 frilled lizards
  5 rats
76 creatures vanquished.

Notes
Turn   | Place    | Note
-------+----------+-------------------------------------------
     0 | D:1      | DaftaChap the Demonspawn Gladiator began the quest for the
                  | Orb.
     0 | D:1      | Reached XP level 1. HP: 16/16 MP: 1/1
    52 | D:1      | Reached skill level 3 in Polearms
    67 | D:1      | Gained mutation: You may rarely emit foul miasma when
                  | damaged in melee. [demonic ancestry]
    67 | D:1      | Reached XP level 2. HP: 17/22 MP: 2/2
   353 | D:1      | Reached XP level 3. HP: 19/27 MP: 3/3
   527 | D:1      | Reached skill level 4 in Polearms
  1022 | D:2      | Reached XP level 4. HP: 30/33 MP: 4/4
  1347 | D:3      | Found a faded altar of an unknown god.
  1355 | D:3      | Reached skill level 5 in Polearms
  1409 | D:3      | Gained mutation: You are partially covered in razor-sharp
                  | scales. (AC +1, Slay +1) [demonic ancestry]
  1409 | D:3      | Reached XP level 5. HP: 26/38 MP: 5/5
  2052 | D:4      | Noticed Duvessa
  2052 | D:4      | Noticed Dowan
  2071 | D:4      | Killed Duvessa
  2071 | D:4      | Noticed a black bear
  2072 | D:4      | Reached skill level 6 in Polearms
  2072 | D:4      | Gained mutation: You have a pair of small horns on your
                  | head. [demonic ancestry]
  2072 | D:4      | Reached XP level 6. HP: 12/44 MP: 6/6
  2073 | D:4      | Gained mutation: You are weak. (Str -2) [potion of
                  | mutation]
  2073 | D:4      | Gained mutation: You are dopey. (Int -2) [potion of
                  | mutation]
  2073 | D:4      | Gained mutation: You are robust. (+10% HP) [potion of
                  | mutation]
  2073 | D:4      | Gained mutation: You have a pair of horns on your head.
                  | [potion of mutation]
  2074 | D:4      | Slain by Dowan

Illustrated notes

Levels and vault maps discovered:
D:1:      mainiacjoe_arrival_reflecting_pool, layout_basic,
          dreamdust_princess_bridge
D:2:      layout_basic
D:3:      layout_rooms, mainiacjoe_overflow_chevrons,
          nicolae_ecumenical_oubliette
D:4:      layout_basic, mainiacjoe_overflow_cross_hatched,
          nicolae_elyvilon_temple_path, minmay_temple_entry_trees,
          portal_sewer_entry_b, uniq_grinder, uniq_ijyb, uniq_duvessa

Skill      XL: |  1  2  3  4  5 |
---------------+----------------+-----
Polearms       | 3 4 5 6 |  6.3
Fighting       | |  2.0
Throwing       | |  1.7
Dodging        | |  2.6

Action                     |  1- 3 |  4- 6 || total
---------------------------+-------+-------++-------
  Melee: Dagger            |    41 |       ||    41
         Trident           |    78 |   108 ||   186
    Use: Potion            |       |     1 ||     1
 Armour: Leather armour    |    18 |       ||    18
         Ring mail         |     7 |       ||     7
         Chain mail        |    45 |    82 ||   127
  Dodge: Dodged            |    29 |    24 ||    53

Table legend: (Time is in decaauts)
 A = Elapsed time spent in this place.
 B = Non-inter-level travel time spent in this place.
 C = Inter-level travel time spent in this place.
 D = Time resting spent in this place.
 E = Time spent auto-exploring this place.
 F = Levels seen in this place.
 G = Mean time per level.
                   A        B        C        D        E       F      G
               +--------+--------+--------+--------+--------+-----+--------+
         Total |   2088 |   1924 |    164 |    237 |   1190 |   4 |  522.0 |
       Dungeon |   2088 |   1924 |    164 |    237 |   1190 |   4 |  522.0 |
               +--------+--------+--------+--------+--------+-----+--------+

Top non-repeatable levels by time:
     D:1: 746 daAuts
     D:2: 701 daAuts
     D:3: 571 daAuts
     D:4: 68 daAuts
